 Dungeon Crawl Stone Soup version 0.27-a0-1060-gcb85b5eba1 (webtiles) character file.

Game seed: 6127023646039986414

47 kae the Ruffian (level 3, -1/31 HPs)
             Began as a Naga Transmuter on Apr 21, 2021.
             Killed from afar by a white imp (10 damage)
             ... with a puff of frost
             ... on level 1 of the Dungeon.
             The game lasted 00:00:59 (1201 turns).

kae the Ruffian (Naga Transmuter)                   Turns: 1201, Time: 00:00:59

Health: -1/31      AC:  2    Str: 13    XL:     3   Next: 70%
Magic:  0/6        EV: 10    Int: 13    God:
Gold:   41         SH:  0    Dex: 11    Spells: 2/6 levels left

rFire    . . .     SeeInvis +     - Unarmed
rCold    . . .     Faith    .   (no shield)
rNeg     . . .     Spirit   +   a - +0 robe
rPois    +         Reflect  .   (no helmet)
rElec    .         Harm     .   (no cloak)
rCorr    .         Rampage  .   (no gloves)
Will     .....                  (no barding)
Stlth    +.........             c - amulet of guardian spirit
HPRegen  0.10/turn              (no ring)
MPRegen  0.10/turn              (no ring)

@: very slightly contaminated, very slow
A: AC +1, large, see invisible, deformed body, poison resistance, slowness 2,
spit poison 1, naga tail 1
a: Spit Poison


You were on level 1 of the Dungeon.
You visited 1 branch of the dungeon, and saw 2 of its levels.

You collected 41 gold pieces.

Inventory:

Armour
 a - a +0 robe (worn)
Jewellery
 c - an amulet of guardian spirit (around neck)
Scrolls
 b - a scroll of vulnerability {unknown}
 f - a scroll of brand weapon {unknown}
 g - a scroll of identify {unknown}
Potions
 d - a potion of brilliance {unknown}
 e - a potion of curing {unknown}


   Skills:
 + Level 1.5 Fighting
 + Level 1.8 Dodging
 * Level 3.5 Unarmed Combat
 + Level 2.2 Spellcasting
 * Level 2.6 Transmutations
 * Level 0.4 Poison Magic


You had 2 spell levels left.
You knew the following spells:

 Your Spells              Type           Power      Damage    Failure   Level
a - Beastly Appendage     Tmut           16%        N/A       9%          1
b - Spider Form           Tmut/Pois      2%         N/A       36%         3

Your spell library contained the following spells:

 Spells                   Type           Power      Damage    Failure   Level
 Wereblood                Tmut           8%         N/A       13%         2
 Ice Form                 Ice/Tmut       4%         N/A       82%         4
 Hydra Form               Tmut           4%         N/A       93%         5


Dungeon Overview and Level Annotations

Branches:
Dungeon (2/15)

Altars:
Elyvilon


Innate Abilities, Weirdness & Mutations

Your serpentine skin is tough. (AC +1)
You have supernaturally acute eyesight. (SInv)
Armour fits poorly on your strangely shaped body.
Your system is resistant to poisons. (rPois)
You cover ground very slowly.
You can spit poison.
You have a snake-like lower body.


Message History

There is a stone staircase leading down here.
You hit the jackal.
The jackal is severely wounded.
Your horns disappear.
The jackal barely misses you.
The white imp laughs crazily.
The white imp barely misses you. The jackal closely misses you.
You closely miss the jackal.
The jackal is severely wounded.
The jackal bites you but does no damage.
The white imp hits you. The white imp freezes you.
You hit the jackal but do no damage.
The jackal is severely wounded.
The jackal bites you. The white imp hits you. The white imp freezes you.
You barely miss the jackal.
The jackal is severely wounded.
The jackal closely misses you. The white imp barely misses you.
The jackal closely misses you.
Casting: Beastly Appendage (safe; 9% risk of failure)
Confirm with . or Enter, or press ? or * to list all spells.
The spell is extremely dangerous to cast (38% risk of failure)!
Continue anyway? [Y]es or [N]o only, please.
The spell is extremely dangerous to cast (38% risk of failure)!
Continue anyway?
You miscast Spider Form.
You are very lightly contaminated with residual magic.
You feel incredibly sick. You resist. The jackal barely misses you.
The white imp gestures at you. The puff of frost misses you.
You barely miss the jackal.
The jackal is severely wounded.
The jackal barely misses you.
The white imp hits you but does no damage.
The jackal barely misses you.
You hit the jackal.
You kill the jackal!
The white imp hits you. The white imp freezes you.
* * * LOW HITPOINT WARNING * * *
The white imp gestures at you. The puff of frost hits you!
You die...

####### ##.....######
##........(..### ###########
##....######'...# #..........
#....##.....#...#######.#########
#...#.#...[.#....................
#..#..#.....#.........#.#......##
#..#..#.....#..[.####.#......#.##
#..#..#.....#.'#@#....###.##.#.##
#..#..#######..#>5...............
#..#.#.....#...#.#....###.##.#.##
#..##.....#..#.#.#....# #.##.#.#
#..#######..##.#.#....# #.##.#.#
#..............#.####.###'##.#.#
#.#####'########.####......#.#.#
#..........................#.#.#
##.......#######.####......#.#.#


You could see a white imp.

Vanquished Creatures
  Jessica (D:1)
  A dart slug (D:1)
  A ball python (D:1)
  An endoplasm (D:2)
  2 giant cockroaches (D:1)
  A hobgoblin (D:1)
  3 jackals
  A quokka (D:1)
  2 kobolds (D:1)
  7 rats (D:1)
20 creatures vanquished.

Notes
Turn   | Place    | Note
-------+----------+-------------------------------------------
     0 | D:1      | kae the Naga Transmuter began the quest for the Orb.
     0 | D:1      | Reached XP level 1. HP: 18/18 MP: 3/3
   125 | D:1      | Reached XP level 2. HP: 21/25 MP: 5/5
   582 | D:1      | Found a faded altar of an unknown god.
   980 | D:2      | Found a white marble altar of Elyvilon.
   980 | D:2      | Noticed Jessica
   991 | D:1      | Killed Jessica
   992 | D:1      | Reached XP level 3. HP: 15/31 MP: 3/6
   996 | D:1      | Learned a level 3 spell: Spider Form
  1201 | D:1      | Killed from afar by a white imp

Illustrated notes

Levels and vault maps discovered:
D:1:      dpeg_arrival_ratfight, layout_basic,
          hellmonk_ecumenical_altar_run_dry, minmay_3d_cube
D:2:      layout_rooms, basic_altar, uniq_jessica

Action                   || total
-------------------------++-------
Melee: Unarmed           ||    39
       Headbutt          ||     2
 Cast: Beastly Appendage ||    12
 Abil: Spit Poison       ||    12
Armor: Robe              ||     8
Dodge: Dodged            ||    29

Table legend: (Time is in decaauts)
 A = Elapsed time spent in this place.
 B = Non-inter-level travel time spent in this place.
 C = Inter-level travel time spent in this place.
 D = Time resting spent in this place.
 E = Time spent auto-exploring this place.
 F = Levels seen in this place.
 G = Mean time per level.
                   A        B        C        D        E       F      G
               +--------+--------+--------+--------+--------+-----+--------+
         Total |   1468 |   1403 |     65 |      3 |   1224 |   2 |  734.0 |
       Dungeon |   1468 |   1403 |     65 |      3 |   1224 |   2 |  734.0 |
               +--------+--------+--------+--------+--------+-----+--------+

Top non-repeatable levels by time:
     D:1: 1419 daAuts
     D:2: 48 daAuts
